Map: Eternal Empire LE

Players

Nitix - Winner!

  • Race: Zerg Zerg
  • Spawn Location: 1:00

PappiJoe

  • Race: Protoss Protoss
  • Spawn Location: 7:00

Event: IEM Katowice 2020

VOD

Have the link to the VOD?

Description

Time

  • Played on: Feb. 24, 2020, 10:02 a.m.
  • Length: 10:29

All games in this series

Show
View Real Time Build Order
Export as new Build Order

Nitix Zerg - Winner!

Build Orders: Pool First 

Get SALT Encoding   

  12  0:00  Drone  
  13  0:12  Overlord  
  13  0:17  Drone  
  14  0:30  Drone x2  
  14  0:34  Drone  
  17  0:44  Extractor  
  17  0:46  Spawning Pool  
  17  0:49  Drone  
  16  0:55  Drone  
  17  1:18  Hatchery  
  17  1:21  Drone  
  17  1:34  Zergling x4  
  19  1:41  Queen  
  21  1:47  Metabolic Boost  
  21  1:54  Overlord  
  21  2:08  Drone  
  22  2:18  Queen  
  22  2:20  Zergling x4  
  26  2:24  Zergling x2  
  27  2:31  Zergling x2  
  27  2:47  Zergling x6  
  30  3:13  Drone x5  
  34  3:27  Hatchery  
  34  3:31  Drone x3  
  35  3:35  Overlord x2  
  35  3:39  Evolution Chamber  
  33  3:45  Drone x3  
  36  3:50  Overlord  
  36  3:55  Spore Crawler  
  35  3:57  Drone  
  36  4:06  Drone x3  
  36  4:09  Drone x2  
  41  4:14  Drone x2  
  41  4:15  Drone  
  44  4:20  Zerg Melee Weapons Level 1  
  44  4:25  Drone x3  
  47  4:32  Queen  
  49  4:40  Lair  
  50  4:45  Drone x2  
  50  4:47  Drone x2  
  53  4:52  Spore Crawler  
  53  4:56  Drone x3  
  53  4:59  Drone  
  49  5:09  Drone x4  
  49  5:10  Drone x4  
  55  5:24  Drone x4  
  55  5:26  Extractor  
  55  5:27  Extractor  
  58  5:28  Drone x2  
  58  5:35  Drone x2  
  61  5:36  Drone  
  62  5:43  Overlord  
  62  5:47  Hydralisk Den  
  62  5:48  Drone x3  
  64  5:53  Overlord x2  
  64  5:56  Spore Crawler  
  63  5:59  Extractor  
  62  6:10  Drone x4  
  66  6:11  Overlord  
  66  6:13  Drone x4  
  66  6:18  Grooved Spines, Zerg Melee Weapons Level 2  
  70  6:21  Drone  
  70  6:23  Baneling Nest  
  70  6:30  Hydralisk x2  
  74  6:33  Drone x2  
  74  6:34  Extractor, Drone x4  
  74  6:37  Drone x2  
  74  6:38  Drone x2  
  80  6:40  Drone  
  81  6:50  Hydralisk x3  
  81  6:51  Hydralisk  
  81  6:52  Overlord x3  
  89  6:54  Extractor  
  89  7:01  Zergling x4  
  89  7:03  Overlord  
  89  7:06  Hatchery  
  89  7:08  Zergling x2  
  89  7:09  Overlord x2  
  89  7:20  Baneling  
  89  7:21  Baneling x6  
  89  7:23  Baneling x2  
  89  7:24  Zergling x18  
  98  7:34  Overlord x2  
  98  7:37  Hydralisk x4  
  98  7:43  Centrifical Hooks  
  106  7:45  Pneumatized Carapace  
  106  7:52  Spore Crawler  
  106  7:53  Spore Crawler, Queen  
  106  7:54  Spore Crawler  
  106  7:55  Hydralisk  
  107  8:02  Hydralisk x3  
  113  8:06  Muscular Augments  
  111  8:12  Hydralisk  
  111  8:13  Hydralisk x2  
  117  8:21  Hydralisk x2  
  117  8:23  Zergling x2  
  117  8:24  Zergling x8  
  120  8:28  Queen  
  118  8:35  Overlord  
  118  8:46  Zergling x20  
  128  8:53  Drone x4  
  132  9:03  Hydralisk x3  
  132  9:08  Spore Crawler  
  137  9:17  Zergling x16  
  133  9:34  Zergling x2  
  133  9:35  Zergling x12  
  140  9:42  Baneling x11  
  140  9:43  Baneling x5  
  140  9:45  Zergling x18  
  143  9:53  Baneling x6  
  143  9:55  Zergling x4  
Show
View Real Time Build Order
Export as new Build Order

PappiJoe Protoss 

Build Orders: Oracle Opening 

Get SALT Encoding   

  12  0:00  Probe  
  13  0:13  Probe  
  14  0:20  Pylon  
  14  0:25  Probe  
  15  0:38  Probe (Chrono Boost)  
  15  0:39  Gateway  
  16  0:49  Probe (Chrono Boost)  
  17  0:50  Assimilator  
  17  0:53  Probe (Chrono Boost)  
  18  1:04  Probe  
  19  1:16  Probe  
  20  1:26  Cybernetics Core  
  20  1:28  Probe (Chrono Boost)  
  20  1:29  Assimilator  
  21  1:37  Pylon  
  22  1:40  Probe (Chrono Boost)  
  22  1:46  Probe (Chrono Boost)  
  23  1:56  Probe  
  24  2:03  Nexus  
  24  2:08  Adept (Chrono Boost)  
  26  2:15  Probe  
  27  2:22  Stargate  
  26  2:27  Probe  
  27  2:34  Shield Battery  
  27  2:39  Probe  
  27  2:43  Adept  
  30  2:53  Pylon  
  30  2:59  Pylon  
  30  3:02  Pylon  
  30  3:05  Probe  
  31  3:17  Probe  
  31  3:18  Shield Battery  
  32  3:21  Pylon  
  32  3:23  Oracle (Chrono Boost)  
  35  3:29  Probe  
  34  3:35  Cybernetics Core  
  34  3:42  Gateway  
  34  3:43  Gateway  
  34  3:44  Probe  
  36  3:48  Probe  
  36  3:50  Oracle  
  39  3:56  Probe  
  39  4:00  Probe  
  41  4:08  Warp Gate (Chrono Boost)  
  41  4:09  Probe (Chrono Boost)  
  42  4:12  Probe (Chrono Boost)  
  43  4:20  Twilight Council  
  45  4:24  Probe (Chrono Boost)  
  45  4:25  Probe (Chrono Boost)  
  45  4:29  Probe (Chrono Boost)  
  46  4:31  Phoenix  
  46  4:32  Probe  
  46  4:33  Assimilator  
  46  4:35  Assimilator  
  49  4:39  Probe  
  49  4:40  Pylon  
  49  4:44  Probe  
  51  4:51  Probe  
  51  4:52  Stargate  
  52  4:56  Probe  
  53  5:03  Probe  
  54  5:11  Probe  
  52  5:14  Phoenix  
  52  5:15  Probe  
  55  5:23  Probe  
  55  5:27  Probe  
  57  5:31  Resonating Glaives  
  57  5:32  Stargate  
  57  5:36  Probe  
  57  5:39  Probe  
  59  5:48  Probe, Gateway x2  
  60  5:51  Probe  
  60  5:56  Pylon  
  61  5:59  Pylon, Gateway  
  61  6:00  Probe  
  62  6:14  Phoenix (Chrono Boost), Pylon x2  
  62  6:18  Adept x2  
  66  6:23  Pylon  
  66  6:24  Pylon, Protoss Air Weapons Level 1  
  68  6:26  Phoenix (Chrono Boost)  
  68  6:28  Gateway  
  70  6:39  Phoenix (Chrono Boost)  
  72  6:40  Adept x2  
  72  6:45  Probe x2  
  72  6:46  Pylon, Adept x2  
  82  6:50  Phoenix (Chrono Boost)  
  82  6:51  Phoenix (Chrono Boost)  
  86  6:59  Pylon  
  86  7:08  Nexus, Stalker  
  86  7:13  Phoenix  
  86  7:15  Phoenix  
  92  7:20  Pylon  
  92  7:22  Adept x2  
  96  7:29  Probe x2  
  98  7:37  Robotics Facility  
  98  7:41  Probe x2  
  100  7:45  Phoenix (Chrono Boost)  
  100  7:46  Phoenix (Chrono Boost)  
  100  7:48  Pylon  
  104  7:53  Probe  
  104  7:54  Probe  
  106  8:01  Charge  
  106  8:02  Forge  
  106  8:06  Probe x2  
  106  8:08  Phoenix, Assimilator  
  110  8:13  Adept x2, Assimilator  
  110  8:15  Adept  
  109  8:25  Probe x2  
  111  8:31  Robotics Bay  
  111  8:32  Robotics Facility  
  111  8:34  Shield Battery  
  111  8:39  Shield Battery  
  111  8:44  Observer  
  112  8:50  Probe  
  113  9:00  Gateway  
  113  9:01  Gateway  
  113  9:05  Immortal  
  117  9:10  Adept  
  119  9:20  Colossus (Chrono Boost)  
  120  9:27  Zealot  
  120  9:28  Zealot  
  101  9:35  Probe  

Tags
 
Add a new tag
Caveats
  • Supply blocks, unpowered buildings, or Contaminate may cause inaccurate times.
  • Supply counts are checked every 10 seconds.